 Dungeon Sprint DCSS version 0.30-a0-702-gdf48620a09 (webtiles) character file.

Game seed: 3983097833547329143

0 rocky1 the Shield-Bearer (level 1, 0/23 HPs)
             Began as a Gnoll Fighter on Jan 22, 2023.
             Was an Initiate of Gozag.
             Slain by an orc warrior
             ... wielding a +0 halberd
              (9 damage)
             ... in the Dungeon (Sprint VI: "Thunderdome").
             The game lasted 00:00:55 (46 turns).

rocky1 the Shield-Bearer (Gnoll Fighter)              Turns: 46, Time: 00:00:56

Health: 0/23       AC:  7    Str: 15    XL:     1   Next: 60%
Magic:  1/2        EV:  9    Int:  7    God:    Gozag
Gold:   200        SH:  5    Dex: 11    Spells: 1/1 levels left

rFire   . . .      SeeInvis .    a - +0 long sword
rCold   . . .      Faith    .    c - +0 buckler
rNeg    . . .      Spirit   .    b - +0 scale mail
rPois   .          Reflect  .    (no helmet)
rElec   .          Harm     .    (no cloak)
rCorr   .          Rampage  .    (no gloves)
Will    .....      NoTele   +    (no boots) Stlth
                                 (no amulet)
HPRegen 0.23/turn                (no ring)
MPRegen 0.08/turn                (no ring)

@: gold aura
A: fangs 1, strong nose, distributed training
a: Renounce Religion, Potion Petition, Call Merchant, Bribe Branch


You were in the Dungeon.
You worshipped Gozag.
Gozag was aware of your devotion.
You visited 1 branch You collected 200 gold pieces.

Inventory:

Hand Weapons
 a - a +0 long sword (weapon)
Armour
 b - a +0 scale mail (worn)
 c - a +0 buckler (worn)
Wands
 l - a wand of light (2)
 m - a wand of iceblast (4)
Scrolls
 j - 4 scrolls of blinking
 n - 3 scrolls of fog
Potions
 d - a potion of might
 e - a potion of curing
 f - 4 potions of heal wounds
 g - 4 potions of haste
 h - 2 potions of magic
 i - a potion of berserk rage
 k - a potion of resistance


   Skills:
 + Level 6.5 Fighting
 + Level 0.8 Short Blades
 + Level 4.5 Long Blades
 + Level 0.8 Axes
 + Level 0.8 Maces & Flails
 + Level 0.8 Polearms
 + Level 0.8 Staves
 + Level 0.8 Ranged Weapons
 + Level 0.8 Throwing
 + Level 6.5 Armour
 + Level 0.8 Dodging
 + Level 0.8 Stealth
 + Level 6.5 Shields
 + Level 0.8 Unarmed Combat
 + Level 0.8 Spellcasting
 + Level 0.5 Conjurations
 + Level 0.5 Hexes
 + Level 0.5 Summonings
 + Level 0.5 Necromancy
 + Level 0.5 Translocations
 + Level 0.5 Transmutations
 + Level 0.5 Fire Magic
 + Level 0.5 Ice Magic
 + Level 0.5 Air Magic
 + Level 0.5 Earth Magic
 + Level 0.5 Poison Magic
 + Level 1.0 Invocations
 + Level 0.8 Evocations


You had one spell level left.
You didn't know any spells.
Your spell library was empty.

Dungeon Overview and Level Annotations

Branches:
Dungeon (1/1)

Altars:
Cheibriados
Dithmenos
Fedhas
Gozag
Kikubaaqudgha
Makhleb
Okawaru
Qazlal
Ru
Sif Muna
Trog
Uskayaw
Vehumet
Wu Jian
Xom
Yredelemnul
Zin
The Shining One
Lugonu

Shops:
D *[??*?*:[((!!!!


Innate Abilities, Weirdness & Mutations

You have very sharp teeth.
Your uncanny sense of smell can sniff out nearby items.
Your experience applies equally to all skills.


Message History

Gozag waives the service fee.
Found a stormy altar of Qazlal and a blossoming altar of Fedhas.
An orc comes into view. It is wielding a +0 mace.
The orc shouts!
An orc comes into view. It is wielding a +0 trident.
The orc shouts!
You hear a shout!
Aiming: Iceblast
Press: ? - help, Shift-Dir - straight line The mass of ice explodes!
The iceblast engulfs the orc!
You kill the orc!
The iceblast engulfs the orc!
You kill the orc!
Your Invocations skill increases to level 1!
Unknown command.
Aiming: Bolt of Light
Press: ? - help, Shift-Dir - straight line, f - orc warrior
Aim: an orc warrior, wielding a +0 halberd, wearing a +0 chain mail and quivering boomerangs (68% to hit)
The bolt of light hits the orc warrior.
The orc warrior is lightly wounded.
The orc warrior is blinded.
Aiming: Bolt of Light
Press: ? - help, Shift-Dir - straight line, f/p - orc warrior
Aim: an orc warrior, wielding a +0 halberd, wearing a +0 chain mail and quivering boomerangs (lightly wounded, blind, 68% to hit)
The bolt of light hits the orc warrior!
The orc warrior is heavily wounded.
The orc warrior closely misses you.
Aiming: Bolt of Light
Press: ? - help, Shift-Dir - straight line, f/p - orc warrior
Aim: an orc warrior, wielding a +0 halberd, wearing a +0 chain mail and quivering boomerangs (heavily wounded, blind, 68% to hit)
The bolt of light misses the orc warrior.
You block the orc warrior's attack.
The orc warrior hits you with a +0 halberd!
Ouch! That really hurt!
You hit the orc warrior.
The orc warrior is heavily wounded.
An orc wizard comes into view. It is wielding a +0 dagger.
The orc wizard shouts!
The orc warrior hits you with a +0 halberd!
You die...
Your body crumbles into a pile of gold.

##∩..o..∩## #∩.......∩#
#_........# #_......._#
#_........# ###.........###
#o..$........⌠#
######.8..o......8.######
##..__....@.###......___∩##
###∩........8.# #.8........∩#
#.............###............
⌠..........###...###.........
⌠..........# #.<.# #.........
⌠..........###...###.........
#.............###............
##∩........8.# #.8........∩#
##∩___......###......_._∩##


You could see an orc warrior (blind) and an orc wizard.

Vanquished Creatures
  2 orcs (D)
2 creatures vanquished.

Notes
Turn   | Place    | Note
-------+----------+-------------------------------------------
     0 | D        | rocky1 the Gnoll Fighter began the quest for the Orb.
     0 | D        | Reached XP level 1. HP: 23/23 MP: 1/1
     4 | D        | Found an ancient bone altar of Kikubaaqudgha.
     5 | D        | Found a burning altar of Makhleb.
     5 | D        | Found a snail-covered altar of Cheibriados.
     5 | D        | Round 1.
     6 | D        | Found a shimmering blue altar of Sif Muna.
     7 | D        | Found a hide-covered altar of Uskayaw.
     7 | D        | Found a basalt altar of Yredelemnul.
     7 | D        | Found Welohig's Staff Store.
     7 | D        | Found Wukhuako's Magic Scroll Shop.
     8 | D        | Found Luill's Must-Have Magic.
     8 | D        | Found Guggyot's Magic Scroll Shop.
     9 | D        | Found a glowing silver altar of Zin.
    10 | D        | Found Kuozec's Distillery.
    10 | D        | Noticed an orc warrior
    12 | D        | Found Dyiria's Distillery.
    12 | D        | Found Doejeurch's Bottled Wisdom.
    12 | D        | Found a glowing golden altar of the Shining One.
    12 | D        | Found a sacrificial altar of Ru.
    12 | D        | Found Ufer's Do-It-Yourself Clinic.
    16 | D        | Found a shadowy altar of Dithmenos.
    17 | D        | Found a bloodstained altar of Trog.
    19 | D        | Found Itaxih's Weapon Rack.
    20 | D        | Found an iron altar of Okawaru.
    20 | D        | Found a corrupted altar of Lugonu.
    20 | D        | Found a radiant altar of Vehumet.
    20 | D        | Found Ticafui's Premium Goods.
    20 | D        | Found Rackosaf's Basic Armour.
    20 | D        | Found Mokisig's Miscellaneous Merchandise.
    24 | D        | Found an opulent altar of Gozag.
    25 | D        | Found a shimmering altar of Xom.
    26 | D        | Found an ornate altar of the Wu Jian Council.
    27 | D        | Found Doraunag's Identification Station.
    28 | D        | Found Idgheryamn's Advanced Armour.
    28 | D        | Found Zuegg's Jewellery.
    32 | D        | Became a worshipper of Gozag Ym Sagoz the Greedy
    33 | D        | Found a stormy altar of Qazlal.
    33 | D        | Found a blossoming altar of Fedhas.
    39 | D        | Reached skill level 1 in Invocations
    46 | D        | Noticed an orc wizard
    46 | D        | Slain by an orc warrior

Illustrated notes

Levels and vault maps discovered:
D:        arena_sprint

Skill      XL: |  1 |
---------------+----+-----
Invocations    | 1 |  1.0
Fighting       | |  6.5
Short Blades   | |  0.8
Long Blades    | |  4.5
Axes           | |  0.8
Maces & Flails | |  0.8
Polearms       | |  0.8
Staves         | |  0.8
Ranged Weapons | |  0.8
Throwing       | |  0.8
Armour         | |  6.5
Dodging        | |  0.8
Stealth        | |  0.8
Shields        | |  6.5
Unarmed Combat | |  0.8
Spellcasting   | |  0.8
Conjurations   | |  0.5
Hexes          | |  0.5
Summonings     | |  0.5
Necromancy     | |  0.5
Translocations | |  0.5
Transmutations | |  0.5
Fire Magic     | |  0.5
Ice Magic      | |  0.5
Air Magic      | |  0.5
Earth Magic    | |  0.5
Poison Magic   | |  0.5
Evocations     | |  0.8

Action                   || total
-------------------------++-------
Melee: Long sword        ||     1
Evoke: Wand              ||     4
Dodge: Dodged            ||     1
Block: Buckler           ||     1

Table legend: (Time is in decaauts)
 A = Elapsed time spent in this place.
 B = Non-inter-level travel time spent in this place.
 C = Inter-level travel time spent in this place.
 D = Time resting spent in this place.
 E = Time spent auto-exploring this place.
 F = Levels seen in this place.
 G = Mean time per level.
                   A        B        C        D        E       F      G
               +--------+--------+--------+--------+--------+-----+--------+
         Total |     46 |     46 |      0 |      0 |      0 |   1 |   46.0 |
       Dungeon |     46 |     46 |      0 |      0 |      0 |   1 |   46.0 |
               +--------+--------+--------+--------+--------+-----+--------+

Top non-repeatable levels by time:
       D: 46 daAuts
